Map: Temple gelé

Players

SuMoNeR

  • Race: Protoss Protoss
  • Spawn Location: 11:00

zidar - Winner!

  • Race: Zerg Zerg
  • League: Platinum
  • Spawn Location: 5:00

VOD

Have the link to the VOD?

Description

Time

  • Played on: Nov. 1, 2016, 11:48 a.m.
  • Length: 22:43
Show
View Real Time Build Order
Export as new Build Order

SuMoNeR Protoss 

Build Orders:  

Get SALT Encoding   

  12  0:03  Probe (Chrono Boost)  
  13  0:13  Probe (Chrono Boost)  
  14  0:21  Pylon  
  14  0:24  Probe (Chrono Boost)  
  15  0:29  Assimilator  
  15  0:42  Gateway  
  15  0:45  Probe (Chrono Boost)  
  16  0:55  Probe (Chrono Boost)  
  17  1:05  Gateway  
  17  1:06  Probe (Chrono Boost)  
  18  1:17  Probe (Chrono Boost)  
  19  1:33  Cybernetics Core  
  19  1:49  Pylon  
  19  2:00  Nexus  
  19  2:03  Probe (Chrono Boost)  
  20  2:10  Adept  
  22  2:29  Adept  
  24  2:30  Probe (Chrono Boost)  
  24  2:35  Warp Gate (Chrono Boost)  
  25  2:42  Probe  
  26  2:48  Adept  
  28  2:54  Probe  
  29  3:01  Assimilator  
  29  3:04  Adept  
  31  3:12  Mothership Core  
  33  3:18  Robotics Facility  
  33  3:22  Adept  
  35  3:36  Gateway  
  35  3:37  Pylon  
  35  3:38  Probe  
  36  3:43  Probe  
  37  3:51  Probe  
  37  3:54  Probe  
  38  4:00  Twilight Council  
  39  4:08  Gateway  
  27  4:17  Probe  
  27  4:18  Probe  
  29  4:30  Probe  
  30  4:33  Probe  
  31  4:42  Probe  
  31  4:44  Pylon  
  32  4:46  Probe  
  33  4:54  Probe (Chrono Boost)  
  34  5:02  Probe (Chrono Boost)  
  34  5:05  Stalker  
  34  5:06  Probe (Chrono Boost)  
  38  5:38  Stalker x2  
  38  5:39  Probe (Chrono Boost), Stalker  
  38  5:40  Probe (Chrono Boost)  
  46  5:44  Observer  
  47  5:50  Probe x2 (Chrono Boost)  
  47  5:55  Blink  
  49  6:00  Probe (Chrono Boost)  
  49  6:01  Probe (Chrono Boost)  
  51  6:06  Stalker  
  53  6:26  Probe x2 (Chrono Boost)  
  55  6:33  Warp Prism  
  57  6:41  Probe x2 (Chrono Boost)  
  57  6:42  Dark Shrine  
  57  6:45  Assimilator  
  59  6:47  Zealot  
  59  6:53  Pylon x2  
  61  6:57  Assimilator  
  61  6:59  Pylon  
  61  7:12  Zealot x2  
  61  7:13  Zealot x2  
  69  7:22  Probe x2 (Chrono Boost)  
  71  7:32  Probe (Chrono Boost)  
  71  7:33  Probe (Chrono Boost)  
  73  7:42  Zealot x3  
  73  7:43  Zealot  
  81  7:48  Pylon  
  81  7:55  Immortal  
  85  8:03  Pylon  
  85  8:08  Dark Templar x3  
  91  8:16  Probe (Chrono Boost)  
  91  8:17  Probe (Chrono Boost)  
  89  8:38  Dark Templar  
  91  8:42  Archon  
  91  8:45  Probe x2 (Chrono Boost)  
  91  8:46  Dark Templar x2  
  90  8:57  Probe x2 (Chrono Boost)  
  92  9:03  Archon  
  92  9:28  Probe x2 (Chrono Boost)  
  94  9:39  Probe x2 (Chrono Boost)  
  94  9:42  Nexus  
  94  9:44  Pylon  
  96  9:45  Pylon  
  96  9:49  Probe x2 (Chrono Boost)  
  98  9:58  Immortal  
  102  10:03  Pylon  
  102  10:05  Pylon  
  102  10:09  Forge  
  102  10:11  Stalker x3  
  102  10:12  Forge, Stalker  
  110  10:16  Assimilator  
  112  10:28  Probe x2 (Chrono Boost)  
  112  10:39  Probe x2 (Chrono Boost)  
  114  10:47  Dark Templar x3  
  114  10:48  Dark Templar  
  122  10:51  Archon  
  122  10:52  Archon  
  122  10:55  Probe x2 (Chrono Boost)  
  122  10:56  Probe (Chrono Boost)  
  125  11:00  Assimilator, Pylon  
  125  11:05  Probe x3 (Chrono Boost)  
  125  11:07  Protoss Ground Weapons Level 1 (Chrono Boost), Protoss Ground Armor Level 1 (Chrono Boost)  
  128  11:13  Pylon  
  132  11:18  Immortal  
  132  11:23  Zealot  
  134  11:28  Charge  
  134  11:34  Templar Archives  
  134  11:39  Probe x2  
  136  11:42  Gateway  
  136  11:45  Gateway  
  136  11:56  Zealot x2  
  140  12:02  Immortal  
  140  12:07  Probe  
  140  12:08  Probe  
  146  12:10  Probe  
  147  12:21  Probe  
  147  12:22  Probe  
  149  12:23  Nexus  
  149  12:26  Assimilator  
  149  12:29  Pylon  
  149  12:31  Pylon  
  149  12:45  Immortal  
  149  12:51  Gateway  
  153  12:53  Gateway  
  153  12:54  Protoss Ground Weapons Level 2 (Chrono Boost), Protoss Ground Armor Level 2 (Chrono Boost)  
  153  13:01  High Templar x5  
  153  13:05  Archon x2  
  163  13:12  Adept  
  165  13:33  Probe x2  
  167  13:36  Immortal  
  171  13:42  High Templar  
  171  13:43  Stalker  
  171  13:44  Stalker x4  
  183  13:50  Archon  
  183  13:58  Zealot  
  183  13:59  Zealot  
  186  14:10  Probe  
  186  14:15  Assimilator  
  181  14:18  Pylon  
  181  14:20  Gateway, Probe  
  114  14:35  Stalker x4  
  114  14:36  Stalker x3  
  114  14:38  Stalker  
  106  14:49  Warp Prism  
  108  15:01  Stargate  
  108  15:03  Stargate  
  108  15:04  Stalker x3  
  108  15:05  Stalker x3  
  108  15:06  Stalker x2  
  96  15:29  Stalker x3  
  96  15:30  Stalker x4  
  96  15:31  Stalker  
  112  15:47  Gateway  
  112  15:50  Gateway  
  112  15:51  Gateway, Phoenix x2  
  112  15:55  Stalker x6  
  128  15:57  Stalker  
  130  16:13  Stalker x2  
  134  16:25  Phoenix x2 (Chrono Boost)  
  138  16:45  Stalker  
  138  16:46  Stalker x6  
  138  16:50  Phoenix x2 (Chrono Boost)  
  114  16:59  Stalker x2  
  94  17:09  Stalker x4  
  94  17:10  Stalker  
  94  17:12  Phoenix x2 (Chrono Boost)  
  94  17:13  Stalker  
  92  17:27  Stalker x2  
  88  17:33  Dark Templar  
  88  17:36  Dark Templar  
  88  17:45  Dark Templar  
  88  17:52  Dark Templar  
  90  18:03  Zealot  
  90  18:04  Stalker  
  94  18:05  Zealot  
  94  18:07  Zealot x2  
  100  18:15  Zealot  
  94  18:27  Zealot  
  94  18:28  Zealot x5  
  94  18:29  Zealot  
  100  18:44  Stalker  
  100  18:54  Nexus  
  94  18:59  Stalker x2  
  94  19:00  Stalker x2  
  92  19:03  Stalker x3  
  92  19:04  Stalker x3  
  104  19:40  Templar Archives  
  104  19:41  Phoenix (Chrono Boost)  
  106  19:45  Nexus  
  106  19:47  Pylon  
  106  19:48  Pylon x2  
  106  19:49  Stalker  
  106  19:50  Pylon  
  108  20:02  Probe x2  
  78  20:13  Zealot x2  
  78  20:14  Probe  
  72  20:17  High Templar x2  
  72  20:18  High Templar x2  
  72  20:19  High Templar x2  
  82  20:23  Archon x2  
  82  20:24  Archon  
  82  20:26  Protoss Shields Level 1  
  82  20:34  Probe x2  
  84  20:38  Assimilator  
  84  20:41  Assimilator  
  84  20:45  Phoenix (Chrono Boost)  
  84  20:46  Probe  
  87  21:02  Stalker x4  
  87  21:03  Stalker  
  97  21:14  Phoenix (Chrono Boost)  
  97  21:17  High Templar  
  97  21:18  High Templar  
  80  21:22  Archon  
  73  21:28  Probe  
  69  21:39  Probe  
  61  21:41  High Templar x2  
  61  21:43  Zealot x3  
  61  21:44  Zealot  
  61  21:46  Archon  
  60  21:49  Probe  
  61  22:00  Probe  
  61  22:03  Stalker  
  61  22:04  Stalker x3  
  55  22:17  Probe  
  56  22:26  Stalker x2  
  56  22:28  Probe  
Show
View Real Time Build Order
Export as new Build Order

zidar Zerg - Winner!

Build Orders: Hatch First, Brood Lord Corruptor 

Get SALT Encoding   

  12  0:01  Drone  
  13  0:12  Overlord  
  13  0:18  Drone  
  14  0:31  Drone x2  
  16  0:52  Hatchery  
  16  0:55  Drone  
  16  0:58  Extractor  
  16  1:01  Drone  
  16  1:20  Spawning Pool  
  15  1:30  Drone x2  
  17  1:34  Drone  
  18  1:48  Drone  
  19  1:59  Evolution Chamber  
  18  2:06  Queen  
  20  2:09  Queen  
  22  2:17  Metabolic Boost  
  22  2:45  Pneumatized Carapace  
  22  2:48  Overlord  
  23  2:51  Zergling x6  
  23  2:52  Zergling x2  
  26  3:16  Drone x2  
  26  3:17  Drone x4  
  32  3:29  Drone x3  
  32  3:30  Extractor  
  34  3:58  Baneling Nest  
  30  4:22  Zergling x2  
  30  4:23  Zergling x10  
  35  4:25  Overlord  
  35  4:26  Overlord x3  
  35  4:28  Lair  
  35  4:33  Drone  
  35  4:36  Overlord x2  
  36  5:04  Drone x3  
  39  5:07  Zergling x12  
  39  5:09  Baneling x5  
  39  5:13  Zerg Melee Weapons Level 1  
  45  5:27  Drone  
  46  5:32  Drone x3  
  46  5:35  Drone x5  
  54  5:39  Extractor  
  54  5:41  Extractor  
  52  5:44  Centrifical Hooks  
  52  5:51  Spore Crawler  
  52  5:55  Spore Crawler  
  50  5:58  Drone x2  
  50  6:02  Zergling x12  
  58  6:27  Hatchery, Drone x3  
  58  6:29  Drone x2  
  62  6:33  Baneling x9  
  62  6:36  Zergling x2  
  63  6:42  Queen  
  63  6:46  Drone  
  63  6:47  Drone  
  67  7:26  Zerg Melee Weapons Level 2  
  67  7:30  Infestation Pit  
  66  7:59  Drone x2  
  66  8:00  Drone x12  
  66  8:01  Drone x2  
  66  8:02  Drone x4  
  86  8:19  Extractor  
  85  8:20  Hive  
  85  8:24  Extractor  
  77  8:36  Queen  
  77  9:03  Zergling x2  
  77  9:04  Zergling x22  
  77  9:08  Overlord x2  
  77  9:09  Overlord x2  
  85  9:29  Spore Crawler  
  84  9:52  Adrenal Glands  
  84  9:54  Zerg Melee Weapons Level 3  
  84  10:06  Spire  
  83  10:14  Zergling x14  
  83  10:15  Zergling x4  
  92  10:26  Baneling x15  
  92  10:27  Baneling  
  92  10:40  Zergling x16  
  100  11:01  Drone  
  100  11:02  Drone x3  
  100  11:03  Drone  
  105  11:19  Greater Spire  
  105  11:22  Corruptor x2  
  105  11:23  Corruptor x2  
  113  11:28  Overlord x6  
  113  12:05  Drone  
  114  12:19  Overlord  
  114  12:20  Overlord x3  
  114  12:28  Zergling x24  
  126  12:32  Zerg Ground Armor Level 1  
  126  12:44  Brood Lord x2  
  126  12:45  Brood Lord x2  
  126  12:49  Corruptor x2  
  126  12:50  Corruptor x2  
  126  12:51  Corruptor x3  
  142  12:52  Corruptor x2  
  152  13:00  Zerg Flyer Armor Level 1  
  152  13:05  Baneling x14  
  152  13:07  Zergling x8  
  152  13:08  Zergling x16  
  164  13:25  Brood Lord  
  164  13:26  Brood Lord x2  
  170  13:32  Baneling x6  
  170  13:33  Baneling x6  
  170  13:34  Baneling x3  
  170  14:01  Hatchery  
  169  14:10  Extractor, Zergling x22  
  169  14:11  Extractor  
  111  14:32  Zergling x4  
  111  14:33  Zergling x32  
  105  15:27  Zergling x16  
  105  15:28  Zergling x6  
  112  15:48  Zergling x14  
  119  15:55  Baneling x13  
  119  15:56  Baneling x8  
  119  15:57  Baneling x2  
  119  16:00  Zerg Ground Armor Level 2  
  119  16:14  Brood Lord x2  
  119  16:15  Brood Lord x4  
  131  16:23  Zergling x32  
  131  16:24  Zergling x4  
  118  17:08  Corruptor x3  
  110  17:09  Corruptor x3  
  110  17:10  Corruptor x3  
  110  17:11  Zergling x24  
  110  17:50  Zergling x2  
  110  17:51  Zergling x32  
  100  18:38  Zergling x2  
  100  18:39  Zergling x36  
  116  18:50  Baneling x18  
  116  18:51  Baneling  
  116  19:20  Hatchery  
  115  19:35  Overseer  
  115  19:36  Overseer x2  
  115  19:40  Brood Lord  
  115  19:41  Brood Lord  
  115  19:44  Corruptor x2  
  115  19:45  Corruptor x3  
  125  19:51  Brood Lord  
  125  19:52  Brood Lord  
  119  20:21  Zergling x20  
  119  20:22  Zergling x20  
  119  20:24  Baneling  
  119  20:25  Baneling x8  
  113  21:50  Zergling x38  
  113  21:51  Zergling x10  
  136  22:26  Hatchery  
  127  22:30  Hatchery  
Tags
 
Add a new tag
Caveats
  • Supply blocks, unpowered buildings, or Contaminate may cause inaccurate times.
  • Supply counts are checked every 10 seconds.